 Dungeon Crawl Stone Soup version 0.27-a0-103-g6cd7b45605 (webtiles) character file.

Game seed: 6274022958164588772

8 knot the Skirmisher (level 2, 11/36 HPs)
             Began as a Demonspawn Berserker on Jan 22, 2021.
             Was a Follower of Trog.
             Quit the game on level 1 of the Dungeon.
             The game lasted 00:00:13 (53 turns).

knot the Skirmisher (Demonspawn Berserker)            Turns: 53, Time: 00:00:14

Health: 11/36      AC:  2    Str: 17    XL:     2   Next: 0%
Magic:  2/2        EV: 12    Int:  8    God:    Trog [*.....]
Gold:   0          SH:  0    Dex: 12    Spells: 1/1 levels left

rFire    . . .     SeeInvis .   a - +0 hand axe
rCold    . . .     Faith    .   (no shield)
rNeg     . . .     Spirit   .   b - +0 animal skin
rPois    .         Reflect  .   (no helmet)
rElec    .         Harm     .   (no cloak)
rCorr    .         Rampage  .   (no gloves)
Will     .....                  (no boots)
Stlth    ..........             (no amulet)
HPRegen  0.12/turn              (no ring)
MPRegen  0.08/turn              (no ring)

@: berserking, very quick
A: demonic guardian 1
a: Renounce Religion, Berserk


You were on level 1 of the Dungeon.
You worshipped Trog.
Trog was aware of your devotion.
You visited 1 branch of the dungeon, and saw 1 of its levels.

Inventory:

Hand Weapons
 a - a +0 hand axe (weapon)
Armour
 b - a +0 animal skin (worn)
Scrolls
 c - a scroll of immolation {unknown}
 d - a scroll of remove curse {unknown}
 e - a scroll of amnesia {unknown}


   Skills:
 + Level 3.1 Fighting
 + Level 2.8 Axes
 + Level 2.0 Armour
 + Level 2.0 Dodging


You had one spell level left.
You didn't know any spells.
Your spell library was empty.

Dungeon Overview and Level Annotations

Branches:
Dungeon (1/15)

Altars:


Innate Abilities, Weirdness & Mutations

A weak demonic guardian rushes to your aid.


Message History

The jackal is heavily wounded.
You barely miss the bat. The bat hits you.
* * * LOW HITPOINT WARNING * * *
The jackal bites you but does no damage.
You slash the jackal!
You kill the jackal!
Trog accepts your kill. The bat closely misses you.
You closely miss the bat.
The bat is moderately wounded.
The bat barely misses you.
You slash the bat!
You kill the bat!
Trog accepts your kill.
Your Armour skill increases to level 2!
Your Dodging skill increases to level 2!
You have reached level 2!
Your demonic ancestry asserts itself...
You feel the presence of a demonic guardian.
Are you sure you want to abandon this character and quit the game? (Confirm with "yes".)

..# #.# #.# ####
#.#####...## #.##..PP....
#.#...≈≈.P.. ####
#.##≈.≈≈≈≈.. ##
###..#######.#†≈≈≈≈≈≈..
.####...........@†..≈≈≈≈.♣.
..#.....#########.†≈♣≈≈P≈..
....≈..8# ##P≈≈≈≈≈≈..
≈..≈...## #..≈≈≈.≈.[
≈≈≈.....# ##≈≈≈≈≈...
.≈≈≈≈....# ♣≈≈≈P≈♣..
..≈≈≈≈≈..# #♣≈≈≈♣...
.≈≈≈≈....# P.P...
≈≈≈.....## .####


There were no monsters in sight!

Vanquished Creatures
  A bat (D:1)
  2 goblins (D:1)
  2 jackals (D:1)
  A frilled lizard (D:1)
  A rat (D:1)
7 creatures vanquished.

Vanquished Creatures (others)
  3 plants (D:1)
3 creatures vanquished.

Grand Total: 10 creatures vanquished

Notes
Turn   | Place    | Note
-------+----------+-------------------------------------------
     0 | D:1      | knot the Demonspawn Berserker began the quest for the Orb.
     0 | D:1      | Reached XP level 1. HP: 18/18 MP: 1/1
    53 | D:1      | Gained mutation: A weak demonic guardian rushes to your
                  | aid. [demonic ancestry]
    53 | D:1      | Reached XP level 2. HP: 11/24 MP: 2/2
    53 | D:1      | Quit the game

Illustrated notes

Levels and vault maps discovered:
D:1:      eino_arrival_water_star, layout_loops_ring, serial_bayou_pond_b,
          minmay_tromino_i4

Skill      XL: |  1 |
---------------+----+-----
Armour         | 2 |  2.0
Dodging        | 2 |  2.0
Fighting       | |  3.1
Axes           | |  2.8

Action                   || total
-------------------------++-------
Melee: Hand axe          ||    19
Invok: Berserk           ||     1
Armor: Animal skin       ||    13
Dodge: Dodged            ||    22

Table legend: (Time is in decaauts)
 A = Elapsed time spent in this place.
 B = Non-inter-level travel time spent in this place.
 C = Inter-level travel time spent in this place.
 D = Time resting spent in this place.
 E = Time spent auto-exploring this place.
 F = Levels seen in this place.
 G = Mean time per level.
                   A        B        C        D        E       F      G
               +--------+--------+--------+--------+--------+-----+--------+
         Total |     54 |     54 |      0 |      0 |     16 |   1 |   54.0 |
       Dungeon |     54 |     54 |      0 |      0 |     16 |   1 |   54.0 |
               +--------+--------+--------+--------+--------+-----+--------+

Top non-repeatable levels by time:
     D:1: 54 daAuts
